 Dungeon Crawl Stone Soup version 0.27.0-66-gdc8fb28755 (webtiles) character file.

Game seed: 6509272793913154226

22269 inSane227 the Severer (level 12, -1/117 HPs)
             Began as a Minotaur Berserker on Aug 20, 2021.
             Was a High Priest of Trog.
             Slain by a ten-headed hydra (4 damage)
             ... on level 2 of the Lair of Beasts.
             The game lasted 00:58:20 (12277 turns).

inSane227 the Severer (Minotaur Berserker)         Turns: 12277, Time: 00:58:21

Health: -1/117     AC: 18    Str: 25    XL:     12   Next: 61%
Magic:  11/11      EV: 11    Int:  4    God:    Trog [*****.]
Gold:   403        SH:  0    Dex: 12    Spells: 11/11 levels left

rFire    . . .     SeeInvis .   o - +2 battleaxe (vorpal)
rCold    + . .     Faith    .   (shield currently unavailable)
rNeg     . . .     Spirit   .   m - +0 scale mail
rPois    +         Reflect  .   (helmet restricted)
rElec    .         Harm     .   p - +2 cloak
rCorr    .         Rampage  .   x - +0 pair of gloves
Will     ++...                  (no boots)
Stlth    ..........             B - amulet of Lucidity {rC+ Will++ Regen+}
HPRegen  1.29/turn              e - +4 ring of protection
MPRegen  0.12/turn              t - ring of poison resistance

@: about to teleport, on berserk cooldown, slowed, very slow
A: horns 2, retaliatory headbutt
a: Renounce Religion, Berserk, Trog's Hand, Brothers in Arms


You were on level 2 of the Lair of Beasts.
You worshipped Trog.
Trog was extremely pleased with you.
You visited 2 branches of the dungeon, and saw 11 of its levels.

You collected 507 gold pieces.
You spent 104 gold pieces at shops.

Inventory:

Hand Weapons
 o - a +2 vorpal battleaxe (weapon)
 v - a +2 broad axe of flaming
Missiles
 a - 5 throwing nets (quivered)
Armour
 m - a +0 scale mail (worn)
 p - a +2 cloak (worn)
 x - a +0 pair of gloves (worn)
Jewellery
 e - a +4 ring of protection (left hand)
 i - a ring of resist corrosion
 s - an amulet of reflection
 t - a ring of poison resistance (right hand)
 y - a ring of protection from cold
 B - the amulet of Lucidity (around neck) {rC+ Will++ Regen+}
   (You acquired it on level 2 of the Lair of Beasts)

   [amulet of regeneration]

   rC:        It protects you from cold.
   Regen:     It increases your rate of health regeneration.
   Will:      It greatly increases your willpower.
 G - a +6 ring of dexterity
Wands
 d - a wand of polymorph (14)
 u - a wand of iceblast (18)
 A - a wand of flame (13)
 C - a wand of acid (5)
Scrolls
 c - a scroll of enchant weapon
 g - a scroll of enchant armour
 l - a scroll of identify
 q - 2 scrolls of teleportation
 D - a scroll of torment {unknown}
 H - a scroll of magic mapping {unknown}
 I - a scroll of fog {unknown}
 J - a scroll of noise {unknown}
 K - a scroll of vulnerability {unknown}
Potions
 b - a potion of curing
 f - 2 potions of degeneration {unknown}
 h - a potion of flight
 j - 4 potions of brilliance
 k - 2 potions of heal wounds
 n - 2 potions of might
 r - 2 potions of magic
 w - a potion of lignification {unknown}
 z - a potion of invisibility
 E - a potion of attraction {unknown}
 F - a potion of cancellation


   Skills:
 * Level 14.0 Fighting
 + Level 16.7 Axes
 * Level 11.3 Armour
 - Level 4.0 Dodging
 - Level 0.2 Shields
 - Level 1.1 Evocations


You had 11 spell levels left.
You didn't know any spells.
Your spell library was empty.

Dungeon Overview and Level Annotations

Branches:
Dungeon (8/15)             Temple (0/1) D:4            Lair (3/6) D:8
  Snake (0/4) Lair:2
  Swamp: Lair:2-4    Shoals: Lair:2-4

Altars:
Dithmenos
Fedhas
Hepliaklqana
Makhleb
Trog
Beogh

Shops:
D:6 !


Innate Abilities, Weirdness & Mutations

You have a pair of horns on your head.
You reflexively headbutt those who attack you in melee.


Message History

The eight-headed hydra bites you.
The eight-headed hydra bites you but does no damage. x3
The eight-headed hydra bites you.
You hack one of the eight-headed hydra's heads off!
The seven-headed hydra grows two more!
You slash the nine-headed hydra!
The nine-headed hydra is heavily wounded.
The nine-headed hydra bites you but does no damage. x3
The nine-headed hydra bites you.
The nine-headed hydra closely misses you.
The nine-headed hydra bites you but does no damage. x2
The nine-headed hydra bites you! The nine-headed hydra bites you.
You lop one of the nine-headed hydra's heads off!
The eight-headed hydra grows two more!
You hit the ten-headed hydra. You headbutt the ten-headed hydra.
The ten-headed hydra is moderately wounded.
The ten-headed hydra bites you. The ten-headed hydra bites you!
The ten-headed hydra bites you but does no damage.
The ten-headed hydra bites you. The ten-headed hydra bites you! x2
* * * LOW HITPOINT WARNING * * *
The ten-headed hydra completely misses you.
The ten-headed hydra bites you.
* * * LOW HITPOINT WARNING * * *
The ten-headed hydra bites you.
* * * LOW HITPOINT WARNING * * *
The ten-headed hydra bites you but does no damage. x2
The ten-headed hydra completely misses you.
The ten-headed hydra closely misses you.
The ten-headed hydra bites you!
* * * LOW HITPOINT WARNING * * *
The ten-headed hydra bites you but does no damage.
The ten-headed hydra bites you.
* * * LOW HITPOINT WARNING * * *
The ten-headed hydra barely misses you. The ten-headed hydra bites you.
* * * LOW HITPOINT WARNING * * *
The ten-headed hydra bites you but does no damage. x2
As you read the scroll of teleportation, it crumbles to dust.
You feel strangely unstable.
The ten-headed hydra bites you but does no damage. x2
The ten-headed hydra bites you.
You die...

##.............♣♣♣♣..P....
##..............♣♣P.♣♣....
#................♣♣♣♣♣♣...
##........................
##........................
#P........................
#.........................
##.......D................
#.......@................
#........................
#...[....................
#...÷....................
#........................
#........................
#.....................<..
#........................
#........................


You could see a ten-headed hydra.

Vanquished Creatures
  A dire elephant (Lair:2)
  3 hydras
  A catoblepas (Lair:2)
  The ghost of makewrite the Spear-Bearer, a novice MiFi of Yredelemnul (D:6)
  The ghost of Malachi the Chopper, a novice DsTm of Uskayaw (D:6)
  17 elephants (Lair:2)
  The ghost of luarocks the Skirmisher, a novice MiBe of Trog (D:6)
  A black mamba (Lair:1)
  Joseph (Lair:1)
  4 cane toads (Lair:2)
  Maggie (D:6)
  4 komodo dragons
  Grinder (D:6)
  Prince Ribbit (D:6)
  A spriggan (Lair:2)
  A wyvern (Lair:2)
  22 yaks
  2 basilisks (Lair:1)
  Menkaure (D:6)
  3 nagas (Lair:2)
  12 water moccasins
  A black bear (D:6)
  A necrophage (D:4)
  An ice beast (D:6)
  3 ogres
  3 wolves (Lair:1)
  2 centaurs
  2 phantoms (D:6)
  A kobold brigand (D:8)
  6 bullfrogs
  Blork the orc (D:4)
  2 scorpions
  A water moccasin zombie (D:6)
  6 killer bees (D:7)
  3 wights (D:8)
  A centaur zombie (D:7)
  2 bullfrog skeletons
  2 centaur skeletons
  2 jellies
  8 orc priests
  A gnoll shaman (D:7)
  Crazy Yiuf (D:6)
  An iguana (D:6)
  2 orc wizards
  2 killer bee zombies
  4 gnolls (D:7)
  8 adders
  A white imp (D:7)
  An ufetubus (D:6)
  An adder zombie (D:5)
  An adder skeleton (D:4)
  2 worms
  4 dart slugs
  17 orcs
  7 endoplasms
  5 giant cockroaches
  8 goblins
  4 hobgoblins
  9 jackals
  14 kobolds
  5 quokkas
  11 ball pythons
  8 bats
  3 frilled lizards (D:2)
  3 rats
251 creatures vanquished.

Vanquished Creatures (others)
  63 fungi
  41 plants
  4 withered plants (D:6)
108 creatures vanquished.

Grand Total: 359 creatures vanquished

Notes
Turn   | Place    | Note
-------+----------+-------------------------------------------
     0 | D:1      | inSane227 the Minotaur Berserker began the quest for the
                  | Orb.
     0 | D:1      | Reached XP level 1. HP: 19/19 MP: 0/0
   377 | D:1      | Reached skill level 4 in Axes
   388 | D:1      | Reached XP level 2. HP: 23/27 MP: 1/1
  1237 | D:2      | Reached XP level 3. HP: 32/34 MP: 2/2
  1317 | D:2      | Reached ** piety under Trog
  1604 | D:2      | Reached XP level 4. HP: 41/41 MP: 3/3
  1650 | D:2      | Reached skill level 5 in Axes
  1685 | D:2      | Noticed an ogre
  1961 | D:2      | Killed an ogre
  1962 | D:2      | Reached skill level 5 in Fighting
  1962 | D:2      | Reached XP level 5. HP: 12/48 MP: 4/4
  2906 | D:3      | Found a bloodstained altar of Trog.
  3447 | D:3      | Found a faded altar of an unknown god.
  3646 | D:4      | Found a hazy altar of Hepliaklqana.
  3782 | D:4      | Reached skill level 6 in Axes
  3827 | D:4      | Noticed Blork the orc
  3834 | D:4      | Killed Blork the orc
  3835 | D:4      | Reached XP level 6. HP: 52/56 MP: 5/5
  3856 | D:4      | Found a blossoming altar of Fedhas.
  3902 | D:4      | Found a shadowy altar of Dithmenos.
  3972 | D:4      | Found a staircase to the Ecumenical Temple.
  4147 | D:4      | Reached *** piety under Trog
  4162 | D:4      | Reached skill level 5 in Armour
  4799 | D:5      | Entered Level 5 of the Dungeon
  4803 | D:5      | Noticed a water moccasin
  4806 | D:5      | Killed a water moccasin
  4807 | D:5      | Reached skill level 7 in Axes
  4807 | D:5      | Reached XP level 7. HP: 61/61 MP: 6/6
  5533 | D:6      | Reached skill level 8 in Axes
  5559 | D:6      | Found a burning altar of Makhleb.
  5571 | D:6      | Reached XP level 8. HP: 70/70 MP: 7/7
  5578 | D:6      | Found a runed translucent gate.
  5580 | D:6      | Found a runed translucent gate.
  5580 | D:6      | Found a runed translucent gate.
  5580 | D:6      | Noticed Malachi's ghost (novice DsTm)
  5580 | D:6      | Noticed makewrite's ghost (novice MiFi)
  5580 | D:6      | Noticed luarocks's ghost (novice MiBe)
  5599 | D:6      | Found Juguathro's Distillery.
  5604 | D:6      | Noticed Maggie
  5615 | D:6      | Killed Maggie
  5616 | D:6      | Reached skill level 9 in Axes
  5639 | D:6      | Bought a potion of invisibility for 104 gold pieces
  5753 | D:6      | Noticed Prince Ribbit
  5760 | D:6      | Killed Prince Ribbit
  5763 | D:6      | Noticed Menkaure
  5770 | D:6      | Killed Menkaure
  5771 | D:6      | Reached skill level 10 in Axes
  5965 | D:6      | Reached XP level 9. HP: 65/79 MP: 8/8
  6040 | D:6      | Noticed Grinder
  6048 | D:6      | Killed Grinder
  6574 | D:6      | Found a runed translucent door.
  6575 | D:6      | Noticed Crazy Yiuf
  6580 | D:6      | Killed Crazy Yiuf
  6772 | D:6      | Killed makewrite's ghost
  6773 | D:6      | Reached skill level 11 in Axes
  6774 | D:6      | Killed Malachi's ghost
  6775 | D:6      | Reached skill level 12 in Axes
  6775 | D:6      | Killed luarocks's ghost
  7105 | D:7      | Reached XP level 10. HP: 70/91 MP: 9/9
  7152 | D:7      | Reached **** piety under Trog
  7163 | D:7      | Reached skill level 13 in Axes
  7745 | D:7      | Noticed a seven-headed hydra
  7866 | D:7      | Killed a ten-headed hydra
  7867 | D:7      | Reached skill level 10 in Fighting
  7867 | D:7      | Reached skill level 1 in Evocations
  8370 | D:8      | Found a staircase to the Lair.
  8391 | D:8      | Reached skill level 14 in Axes
  9039 | Lair:1   | Entered Level 1 of the Lair of Beasts
  9350 | Lair:1   | Noticed Joseph
  9358 | Lair:1   | Killed Joseph
  9359 | Lair:1   | Reached XP level 11. HP: 102/102 MP: 10/10
  9556 | Lair:1   | Noticed a seven-headed hydra
  9566 | Lair:1   | Killed an 11-headed hydra
 10414 | Lair:1   | Reached ***** piety under Trog
 10585 | Lair:2   | Reached skill level 15 in Axes
 10608 | Lair:2   | Reached skill level 10 in Armour
 10745 | Lair:2   | Found a staircase to the Snake Pit.
 11171 | Lair:2   | Noticed a catoblepas
 11181 | Lair:2   | Killed a catoblepas
 11277 | Lair:2   | Reached XP level 12. HP: 113/113 MP: 11/11
 11434 | Lair:2   | Noticed a five-headed hydra
 11451 | Lair:2   | Killed a nine-headed hydra
 11452 | Lair:2   | Reached skill level 16 in Axes
 11462 | Lair:2   | Identified a scroll of acquirement
 11463 | Lair:2   | Acquired the amulet of Lucidity {rC+ Will++ Regen+}
 11964 | Lair:2   | Noticed a dire elephant
 11984 | Lair:2   | Killed a dire elephant
 12264 | Lair:3   | Noticed a seven-headed hydra
 12267 | Lair:3   | Noticed a six-headed hydra
 12276 | Lair:2   | HP: 1/117 [ten-headed hydra (5)]
 12277 | Lair:2   | Slain by a ten-headed hydra

Illustrated notes

Levels and vault maps discovered:
D:1:      beargit_arrival_greenhouse, layout_basic
D:2:      minmay_razor_zed, layout_basic, minmay_pentomino_pile
D:3:      layout_basic, mainiacjoe_overflow_alcove_2,
          shapermc_ecumenical_altar_mp_ritualfount, minmay_misc_feat_rows
D:4:      cheibrodos_helix_gallery, layout_loops_ring,
          nicolae_hepliaklqana_hazy_memory, nicolae_dithmenos_the_darkroom,
          nicolae_overflow_hidden_temple, minmay_temple_entry_proselytizer,
          hangedman_decor_points, corexii_corridor_pit, nrook_mini_backslash,
          kennysheep_crisscross, uniq_blork_the_orc
D:5:      wad_pebble_path, layout_basic
D:6:      layout_basic, mainiacjoe_overflow_brackets, serial_shops, shop,
          gammafunk_ghost_cemetery, hangedman_decor_push, uniq_prince_ribbit1,
          uniq_grinder, uniq_crazy_yiuf_cottage, uniq_maggie, uniq_menkaure
D:7:      layout_basic, st_stairs_13, hangedman_decor_lopped,
          amcnicky_mini_rare_corridor_liquid, hangedman_abyss_or_decor_stabs,
          grunt_tough_drop
D:8:      layout_basic, lair_entry_dummy, david_defended_altar_orc
Lair:1:   layout_roguey, uniq_joseph
Lair:2:   mu_elephants_graveyard, layout_regular_city,
          guppyfry_snake_entry_garden
Lair:3:   layout_hall_layers

Skill      XL: |  1  2  3  4  5  6  7  8  9 10 11 12 |
---------------+-------------------------------------+-----
Axes           | 4 5 6 7 8 10 12 14 15 16 | 16.7
Fighting       | 4 5 7 9 11 12 14 | 14.0
Armour         | 3 4 5 6 7 8 10 11 | 11.3
Dodging        | 3 4 |  4.0
Evocations     | 1 |  1.1
Shields        | |  0.2

Action                   |  1- 3 |  4- 6 |  7- 9 | 10-12 || total
-------------------------+-------+-------+-------+-------++-------
Melee: Hand axe          |    87 |    83 |       |       ||   170
       Headbutt          |    11 |    23 |    18 |    98 ||   150
       Battleaxe         |       |    41 |   110 |   354 ||   505
Throw: Throwing net      |       |       |     1 |       ||     1
Invok: Berserk           |       |     1 |     3 |     7 ||    11
       Trog's Hand       |       |     1 |     3 |     2 ||     6
  Use: Potion            |       |     3 |     1 |       ||     4
       Scroll            |       |     3 |     4 |     6 ||    13
 Stab: Sleeping          |     1 |       |       |       ||     1
Armor: Leather armour    |     3 |       |       |       ||     3
       Animal skin       |     2 |       |       |       ||     2
       Ring mail         |    40 |    11 |       |       ||    51
       Scale mail        |       |    46 |    54 |   208 ||   308
Dodge: Dodged            |    73 |    75 |    50 |   171 ||   369
Block: Other             |       |     9 |    27 |    56 ||    92
       Reflection        |       |       |     3 |     1 ||     4
